 Dungeon Crawl Stone Soup version 0.29.1-2-gbd0b4ee654 (webtiles) character file.

Game seed: 18183057468466425968

3 H0rd4k the Charlatan (level 1, 13/13 HPs)
             Began as an Octopode Artificer on Nov 18, 2022.
             Was a High Priest of Ignis.
             Quit the game on level 1 of the Dungeon.
             The game lasted 00:00:54 (330 turns).

H0rd4k the Charlatan (Octopode Artificer)            Turns: 330, Time: 00:00:54

Health: 13/13      AC:  1    Str: 11    XL:     1   Next: 50%
Magic:  1/1        EV: 13    Int: 13    God:    Ignis [*****.]
Gold:   2          SH:  0    Dex: 12    Spells: 0/0 levels left

rFire   + . .      SeeInvis .   a - +0 club
rCold   . . .      Faith    .   (no shield)
rNeg    . . .      Spirit   .   (helmet restricted)
rPois   .          Reflect  .   (no amulet)
rElec   .          Harm     .   (no ring)
rCorr   .          Rampage  .   (no ring)
Will    .....                   (no ring)
Stlth   +++.......              (no ring)
HPRegen 0.04/turn               (no ring)
MPRegen 0.07/turn               (no ring)
                                (no ring)
                                (no ring)

@: no status effects
A: almost no armour, amphibious, 8 rings, camouflage 1, gelatinous body 1,
(nimble swimmer 1), tentacles
a: Renounce Religion, Fiery Armour, Foxfire Swarm, Rising Flame


You were on level 1 of the Dungeon.
You worshipped Ignis.
Ignis was extremely pleased with you.
You visited 1 branch of the dungeon, and saw 1 of its levels.

You collected 2 gold pieces.

Inventory:

Hand Weapons
 a - a +0 club (weapon)
Wands
 b - a wand of flame (15) (quivered)
 c - a wand of charming (15)
 d - a wand of iceblast (5)
Scrolls
 e - a scroll of teleportation {unknown}
Potions
 f - a potion of ambrosia {unknown}


   Skills:
 * Level 1.2 Fighting
 - Level 2.3 Dodging
 - Level 1.3 Stealth
 * Level 0.4 Spellcasting
 - Level 3.2 Evocations


You couldn't memorise any spells.
You didn't know any spells.
Your spell library was empty.

Dungeon Overview and Level Annotations

Branches:
Dungeon (1/15)

Altars:
Ignis


Innate Abilities, Weirdness & Mutations

You cannot wear most types of armour.
You are amphibious.
You can wear up to eight rings at the same time.
Your skin changes colour to match your surroundings (Stealth+).
Your rubbery body absorbs attacks. (AC +1, EV +1)
((You are camouflaged when in or above water. (Stealth+)))
You have tentacles for arms and can constrict up to eight enemies at once.


Message History

Things that are here:
a +0 dagger; a goblin corpse
Found a stone staircase leading down.
You now have 1 gold piece.
There is a faded altar of an unknown god here.
You cannot tell which god this altar belongs to.
Convert to them anyway?
Okay, then.
Unknown command.
Press < or > to pray at altars.
You cannot tell which god this altar belongs to.
Convert to them anyway?
Okay, then.
You cannot tell which god this altar belongs to.
Convert to them anyway?
Ignis accepts your prayer! Ignis welcomes you!
Unknown command.
Press < or > to pray at altars.
Unknown command.
Press < or > to pray at altars.
Unknown command.
Press < or > to pray at altars.
You now have 2 gold pieces (gained 1).
Key pressed, stopping explore.
HP restored.
f - a coppery potion A ball python comes into view.
The ball python hisses angrily.
There is a stone staircase leading down here.
A ball python is nearby!
You barely miss the ball python. You grab the ball python.
You constrict the ball python. The ball python misses you. x2
The ball python closely misses you. x2
You hit the ball python.
You kill the ball python!
You see here a ball python corpse.
You see here a ball python corpse.
Found a club.
You open the door.
There is a staircase leading out of the dungeon here.
A rat comes into view.
Are you sure you want to abandon this character and quit the game? (Confirm with "yes".)

..#.........#.#####.#
#.....
#.#.........#.#. #.#
#.....
#.#.........#.#r #.##
###.##
#.#####>....#.#.
#..### #..#
#....†........#.
##...# ##.#
########..#.###.
###.## #.# #....# #.
##.# #.# #.######$###
#.## #.# #.#......@.#
##.#######.#
#.#.####.#.#
#.###.#.#..# #.#
...#.# ##.#.#.#.###
#.#
#.##.#.######<######
#)# # ..#.#.#.#.#.##
#.####..#.#.###.#
#......#######.##
#####.## ##.# #.##
#.##


You could see a rat (asleep).

Vanquished Creatures
  A goblin (D:1)
  A ball python (D:1)
  A kobold (D:1)
  A rat (D:1)
4 creatures vanquished.

Notes
Turn   | Place    | Note
-------+----------+-------------------------------------------
     0 | D:1      | H0rd4k the Octopode Artificer began the quest for the Orb.
     0 | D:1      | Reached XP level 1. HP: 13/13 MP: 1/1
    72 | D:1      | Found a faded altar of an unknown god.
    88 | D:1      | Prayed at the altar of an unknown god.
    88 | D:1      | Became a worshipper of Ignis, the Dying Flame
   330 | D:1      | Quit the game

Illustrated notes

Levels and vault maps discovered:
D:1:      reono_arrival_mine, layout_basic,
          hellmonk_ecumenical_altar_pennies_from_heaven,
          nicolae_kite_square_tiling_tiny

Action                   || total
-------------------------++-------
Melee: Club              ||     8
       Constrict         ||     2
       Tentacles         ||     1
 Stab: Sleeping          ||     1
Armor: Skin              ||     1
Dodge: Dodged            ||     4
